 Dungeon Crawl Stone Soup version 0.29-a0-998-g1987434951 (webtiles) character file.

Game seed: 8850235649942369193

7702 Mesmaeker13 the Transmogrifier (level 11, -8/61 HPs)
             Began as a Felid Transmuter on Aug 5, 2022.
             Was a Believer of Ashenzari.
             Mangled by Urug
             ... wielding a +2 battleaxe
              (13 damage)
             ... on level 3 of the Lair of Beasts.
             The game lasted 00:30:04 (21403 turns).

Mesmaeker13 the Transmogrifier (Felid Transmuter)  Turns: 21403, Time: 00:30:05

Health: -8/61      AC: 10    Str:  8    XL:     11   Next: 0%
Magic:  16/21      EV: 11    Int: 18    God:    Ashenzari [**....]
Gold:   839        SH:  5    Dex: 16    Spells: 15/22 levels left
                                        Lives:  0   Deaths: 3

rFire   x . .      SeeInvis +     - Unarmed
rCold   + + +      Faith    .   (shield unavailable)
rNeg    . . .      Spirit   .   (body armour unavailable)
rPois   +          Reflect  +   (helmet unavailable)
rElec   .          Harm     .   (cloak unavailable)
rCorr   .          Rampage  .   (gloves unavailable)
Will    ++...                   (boots unavailable)
Stlth   +.........              c - amulet of reflection
HPRegen 0.20/turn               A - +4 ring of slaying
MPRegen 0.17/turn               q - ring "Cursed Irritation" {Will+, Self, Cun} (curse)

@: ice-form, wereblooded
A: freezing attack, amphibious, boosted hp, large, (claws 1), (fangs 3), see
invisible, (speed 1), (shaggy fur 2), (stealthy paws), no weapons or thrown
items, no armour, multi-lived
a: End Transformation, Renounce Religion, Curse Item, Shatter the Chains


You were on level 3 of the Lair of Beasts.
You worshipped Ashenzari.
Ashenzari was pleased with you.
You were a creature of crystalline ice.
You visited 3 branches of the dungeon, and saw 13 of its levels.

You collected 839 gold pieces.

Inventory:

Jewellery
 c - an amulet of reflection (around neck)
 m - a ring of positive energy
 p - a ring of willpower
 q - the cursed ring "Cursed Irritation" (right front paw) {Will+, Self, Cun}
   (You found it on level 3 of the Dungeon)

   [ring of willpower]

   Will:      It increases your willpower.
   It has a curse which improves the following skills: Introspection: Fighting
   and Spellcasting.
   Cunning:   Dodging and Stealth.
 u - an amulet of faith
 y - a ring of flight
 A - a +4 ring of slaying (left front paw)
 I - a ring of protection from fire
Wands
 h - a wand of digging (1)
 C - a wand of flame (5)
Scrolls
 b - 2 scrolls of fear
 i - a scroll of poison
 k - 2 scrolls of torment
 l - 6 scrolls of vulnerability
 n - a scroll of amnesia
 o - 2 scrolls of teleportation
 t - a scroll of magic mapping
 v - 2 scrolls of butterflies
 w - 2 scrolls of immolation
 B - 2 scrolls of noise
 D - a scroll of blinking
 E - a scroll of silence
 H - a scroll of summoning
Potions
 a - 3 potions of lignification
 d - 2 potions of haste
 e - a potion of brilliance
 f - 2 potions of curing
 g - 3 potions of might
 j - a potion of attraction
 r - a potion of magic
 s - 3 potions of mutation
 x - a potion of invisibility
 z - 2 potions of flight
 F - a potion of resistance
 G - 3 potions of heal wounds
 J - 3 potions of ambrosia


   Skills:
 + Level 6.9(8.2) Fighting
 - Level 2.6(3.7) Dodging
 + Level 11.2 Unarmed Combat
 + Level 5.0(6.2) Spellcasting
 + Level 12.0 Transmutations
 - Level 8.3 Ice Magic


You had 15 spell levels left.
You knew the following spells:

 Your Spells              Type           Power      Damage    Failure   Level
a - Beastly Appendage     Tmut           96%        N/A       1%          1
b - Wereblood             Tmut           48%        N/A       1%          2
c - Ice Form              Ice/Tmut       42%        N/A       1%          4

Your spell library contained the following spells:

 Spells                   Type           Power      Damage    Failure   Level
 Spider Form              Tmut/Pois      27%        N/A       3%          3
 Stone Arrow              Conj/Erth      10%        3d7       34%         3
 Iskenderun's Battlesphe  Conj           5%         2d6       97%         5
 Iron Shot                Conj/Erth      2%         9d2       100%        6
 Spellforged Servitor     Conj/Summ      2%         N/A       100%        7
 Lehudib's Crystal Spear  Conj/Erth      2%         10d2      100%        8
 Animate Armour           Summ/Erth      Unusable   N/A       N/A         4

Dungeon Overview and Level Annotations

Branches:
Dungeon (9/15)             Temple (1/1) D:6            Lair (3/5) D:8
  Swamp: Lair:2-3    Shoals: Lair:2-3     Snake: Lair:2-3    Spider: Lair:2-3
    Orc: D:9-12

Altars:
Ashenzari
Dithmenos
Fedhas
Kikubaaqudgha
Makhleb
Nemelex Xobeh
Okawaru
Qazlal
Ru
Sif Muna
Trog
Uskayaw
Vehumet
Wu Jian
Xom
Yredelemnul
Zin
The Shining One

Shops:
D:4 [

Annotations:
D:6 Maggie
D:9 Nebesus's ghost, novice NaFE
Lair:3 1 runed translucent door, Urug; Wyrua's ghost, journeyman DgHu


Innate Abilities, Weirdness & Mutations

You are a creature of crystalline ice.
You have a powerful freezing melee attack.
You are amphibious.
Your maximum health is increased.
((You have sharp claws.))
((You have razor-sharp teeth.))
You have supernaturally acute eyesight. (SInv)
((You cover ground quickly. (Speed+)))
((You are covered in thick fur. (AC +2)))
((Your paws help you pounce on unaware monsters.))
You are incapable of wielding weapons or throwing items.
You cannot wear armour.
You gain extra lives every three experience levels.


Message History

You howl as the wereblood boils in your veins!
You howl as the wereblood boils in your veins!
Your primal bloodlust is almost over.
Your transformation is almost over.
Your primal bloodlust has ended.
You warm up again.
HP restored.
Found a stone staircase leading down.
Found a +0 kite shield.
Found a stone staircase leading down.
Urug the Orcish Ballista comes into view.
She is wielding a +2 battleaxe.
Casting: Wereblood (safe; 1% risk of failure)
Confirm with . or Enter, or press ? or * to list all spells.
You turn into a creature of crystalline ice.
Casting: Ice Form (dangerous; 1% risk of failure)
Confirm with . or Enter, or press ? or * to list all spells.
Okay, then.
Casting: Ice Form (dangerous; 1% risk of failure)
Confirm with . or Enter, or press ? or * to list all spells.
Okay, then.
Casting: Ice Form (dangerous; 1% risk of failure)
Confirm with . or Enter, or press ? or * to list all spells.
Your blood is infused with primal strength.
Urug closely misses you.
You hit Urug. You freeze Urug.
Urug is lightly wounded.
Urug hits you with a +2 battleaxe!!
You punch Urug! You freeze Urug.
Urug is moderately wounded.
Urug hits you with a +2 battleaxe!!
You hit Urug but do no damage.
Urug is moderately wounded.
Urug hits you with a +2 battleaxe!
* * * LOW HITPOINT WARNING * * *
You hit Urug but do no damage.
Urug is moderately wounded.
You barely miss Urug.
Urug is moderately wounded.
Urug hits you with a +2 battleaxe!
You die...

###.......>......#
*
.................##
*
..................#
........####.....##
* ..P...... ###...#
..#P....## ##...##
, , , , #* #....[#
, , ,, #...#...##
** .......Y# , * *
, ........o...... ,
, ........>...... *
, ............... ,
...............
............P..
..#####.##..P.#, *
* ## ##. ###.# * **


You could see Urug.

Vanquished Creatures
  A hydra (Lair:1)
  3 black mambas
  5 elephants
  3 cane toads (Lair:2)
  2 rime drakes (Lair:2)
  3 komodo dragons (Lair:1)
  Grinder (D:6)
  A hornet (D:8)
  3 dream sheep
  3 blink frogs (Lair:3)
  Sigmund (D:6)
  2 wyverns
  2 basilisks (Lair:1)
  12 yaks
  Grum (D:8)
  2 steam dragons (D:6)
  Menkaure (D:4)
  2 water moccasins
  Duvessa (D:4)
  5 ice beasts
  2 sky beasts
  3 orc warriors
  2 black bears (D:8)
  2 centaurs
  10 wolves
  An ogre (D:7)
  2 phantoms
  6 bullfrogs
  Blork the orc (D:4)
  2 necrophages
  A scorpion (D:4)
  Dowan (D:4)
  32 killer bees
  A howler monkey (D:7)
  A jelly (D:6)
  An electric eel (Lair:1)
  2 hounds (D:6)
  Crazy Yiuf (D:2)
  2 orc priests (D:8)
  3 gnoll boudas
  3 iguanas (D:5)
  5 orc wizards
  Robin (D:2)
  9 gnolls
  6 adders
  A shadow imp (D:5)
  A white imp (D:5)
  3 ufetubi
  3 worms (D:3)
  6 orcs
  8 endoplasms
  5 giant cockroaches
  14 goblins
  8 hobgoblins
  6 jackals
  6 quokkas
  5 ball pythons
  10 bats
  4 frilled lizards
  7 kobolds
  3 rats
  2 butterflies (Lair:1)
246 creatures vanquished.

Vanquished Creatures (others)
  7 fungi (Lair:1)
  16 plants
23 creatures vanquished.

Grand Total: 269 creatures vanquished

Notes
Turn   | Place    | Note
-------+----------+-------------------------------------------
     0 | D:1      | Mesmaeker13 the Felid Transmuter began the quest for the
                  | Orb.
     0 | D:1      | Reached XP level 1. HP: 9/9 MP: 4/4
    35 | D:1      | Found a faded altar of an unknown god.
   383 | D:1      | Reached XP level 2. HP: 12/12 MP: 4/6
  1313 | D:1      | Reached XP level 3. HP: 16/16 MP: 5/7
  1395 | D:2      | Noticed Robin
  1437 | D:1      | Learned a level 2 spell: Wereblood
  1464 | D:2      | Reached skill level 3 in Transmutations
  2496 | D:2      | Killed Robin
  2668 | D:2      | Reached XP level 4. HP: 19/19 MP: 6/8
  2833 | D:2      | Found a runed translucent door.
  2835 | D:2      | Noticed Crazy Yiuf
  3076 | D:3      | Learned a level 4 spell: Ice Form
  3205 | D:3      | Identified the +1 robe of the Histrionic God {Will- MP+9
                  | Str+4 Slay+3}
  3567 | D:3      | Found a stormy altar of Qazlal.
  3747 | D:3      | Found a burning altar of Makhleb.
  5443 | D:4      | Noticed Menkaure
  5464 | D:4      | Killed Menkaure
  5465 | D:4      | Reached skill level 4 in Transmutations
  5465 | D:4      | Reached skill level 1 in Ice Magic
  5465 | D:4      | Reached XP level 5. HP: 23/23 MP: 9/9
  5894 | D:4      | Found Kedu's Armour Shop.
  5943 | D:4      | Noticed Blork the orc
  5957 | D:4      | Killed Blork the orc
  5958 | D:4      | Gained mutation: You are covered in thick fur. (AC +2)
                  | [Felid growth]
  5958 | D:4      | Reached XP level 6. HP: 27/27 MP: 2/10
  6087 | D:4      | Noticed Duvessa
  6087 | D:4      | Noticed Dowan
  6168 | D:5      | Entered Level 5 of the Dungeon
  6173 | D:5      | Noticed an ice beast
  6372 | D:5      | Noticed an ice beast
  6898 | D:5      | Reached skill level 5 in Unarmed Combat
  7474 | D:5      | Noticed an ice beast
  7490 | D:5      | Killed an ice beast
  7491 | D:5      | Reached skill level 5 in Transmutations
  7491 | D:5      | Reached XP level 7. HP: 26/30 MP: 3/11
  8341 | D:5      | You fall into a shaft and drop 3 floors!
  8356 | D:8      | Found a glowing silver altar of Zin.
  8365 | D:8      | Noticed a hornet
  8378 | D:8      | Slain by a hornet
  8379 | D:8      | Reached XP level 6. HP: 0/32 MP: 8/10
  8407 | D:8      | Killed a hornet
  8408 | D:8      | Reached skill level 6 in Transmutations
  8408 | D:8      | Reached XP level 7. HP: 25/30 MP: 6/11
  8499 | D:7      | Noticed a dream sheep
  8499 | D:7      | Noticed a dream sheep
  8499 | D:7      | Noticed a dream sheep
  8509 | D:8      | Killed a dream sheep
  8512 | D:8      | Killed a dream sheep
  8513 | D:8      | Reached XP level 8. HP: 18/34 MP: 6/12
  8515 | D:8      | Reached skill level 7 in Transmutations
  8713 | D:7      | Killed a dream sheep
  8714 | D:7      | Reached skill level 5 in Ice Magic
  8905 | D:6      | Noticed Maggie
 10423 | D:6      | Noticed Sigmund
 10438 | D:6      | Killed Sigmund
 10439 | D:6      | Reached skill level 8 in Transmutations
 10615 | D:6      | Noticed Grinder
 10633 | D:6      | Killed Grinder
 10634 | D:6      | Reached XP level 9. HP: 37/37 MP: 6/13
 10702 | D:6      | Found a shadowy altar of Dithmenos.
 12101 | D:8      | Noticed an elephant
 12137 | D:8      | Reached skill level 9 in Transmutations
 12152 | D:8      | Found a staircase to the Lair.
 12415 | D:8      | Killed an elephant
 12691 | D:8      | HP: 1/44 [orc warrior/+0 glaive (14)]
 13595 | D:8      | Noticed Grum
 13611 | D:8      | Killed Grum
 13612 | D:8      | Reached XP level 10. HP: 26/40 MP: 11/14
 14261 | D:9      | Found a bloodstained altar of Trog.
 14261 | D:9      | Noticed Nebesus's ghost (novice NaFE)
 14261 | D:9      | Noticed a two-headed ogre
 14262 | D:9      | Noticed a two-headed ogre
 14262 | D:9      | Noticed a moth of wrath
 14442 | D:9      | Noticed a two-headed ogre
 14769 | D:6      | Found a staircase to the Ecumenical Temple.
 14778 | Temple   | Entered the Ecumenical Temple
 14820 | Temple   | Became a worshipper of Ashenzari the Shackled
 15450 | D:4      | Killed Dowan
 15459 | D:4      | Killed Duvessa
 15460 | D:4      | Reached skill level 10 in Transmutations
 15845 | D:2      | Killed Crazy Yiuf
 16109 | Lair:1   | Entered Level 1 of the Lair of Beasts
 16109 | Lair:1   | Noticed a black mamba
 16120 | D:8      | Killed a black mamba
 16126 | D:8      | HP: 2/50 [killer bee (4)]
 17071 | Lair:1   | Reached skill level 10 in Unarmed Combat
 17637 | Lair:1   | Noticed a black mamba
 17646 | Lair:1   | Killed a black mamba
 17647 | Lair:1   | Reached XP level 11. HP: 9/46 MP: 12/15
 17979 | Lair:1   | Found the +6 shillelagh "Devastator" {shatter}
 17989 | Lair:1   | Reached skill level 5 in Fighting
 18544 | Lair:1   | Reached * piety under Ashenzari
 18544 | Lair:1   | Reached ** piety under Ashenzari
 18576 | Lair:1   | Reached skill level 11 in Transmutations
 18644 | Lair:1   | Noticed a seven-headed hydra
 18657 | Lair:1   | Slain by a seven-headed hydra
 18658 | Lair:1   | Reached XP level 10. HP: -1/55 MP: 14/17
 18696 | Lair:1   | Killed a seven-headed hydra
 19172 | Lair:2   | Noticed a cane toad
 19189 | Lair:1   | Mangled by a cane toad
 19190 | Lair:1   | Reached XP level 9. HP: -6/50 MP: 15/16
 19252 | Lair:2   | Noticed a cane toad
 19258 | Lair:2   | Killed a cane toad
 19427 | Lair:2   | Reached XP level 10. HP: 12/47 MP: 9/18
 19827 | Lair:2   | Noticed an elephant
 19827 | Lair:2   | Noticed an elephant
 19827 | Lair:2   | Noticed an elephant
 19828 | Lair:2   | Noticed an elephant
 19844 | Lair:2   | Killed an elephant
 19851 | Lair:2   | Killed an elephant
 19855 | Lair:2   | Killed an elephant
 19860 | Lair:2   | HP: 1/56 [elephant (2)]
 19861 | Lair:2   | Killed an elephant
 20233 | Lair:2   | Noticed a cane toad
 20239 | Lair:2   | Killed a cane toad
 20559 | Lair:2   | Noticed a cane toad
 20568 | Lair:2   | Killed a cane toad
 21206 | Lair:3   | Found a runed translucent door.
 21206 | Lair:3   | Noticed Wyrua's ghost (journeyman DgHu)
 21231 | Lair:3   | Reached skill level 5 in Spellcasting
 21250 | Lair:3   | Reached skill level 12 in Transmutations
 21250 | Lair:3   | Reached XP level 11. HP: 37/51 MP: 21/21
 21394 | Lair:3   | Noticed Urug
 21403 | Lair:3   | Mangled by Urug

Illustrated notes

Levels and vault maps discovered:
D:1:      dpeg_arrival_houses_and_road, layout_basic,
          hellmonk_ecumenical_altar_heavens_door
D:2:      layout_rooms, minmay_misc_feat_enclosed, kennysheep_generic_room_2,
          uniq_robin, uniq_crazy_yiuf_cottage
D:3:      minmay_inner_zag, layout_basic, nicolae_qazlal_general_emergency,
          bloody_makhleb
D:4:      dreamdust_elfheim, layout_gridville, serial_bayou,
          serial_bayou_pond_a, serial_bayou_crossing, serial_bayou_shore_a,
          serial_bayou_lagoon_b, serial_shops, shop, uniq_menkaure,
          uniq_blork_the_orc
D:5:      layout_basic, kennysheep_generic_room_14
D:6:      layout_loops_cross, grunt_dithmenos_shadows,
          worldfamousw_hep_ancestral_shrine, minmay_temple_entry_nine_rooms,
          uniq_sigmund, uniq_maggie, uniq_grinder
D:7:      layout_basic, grunt_decor_junction, dreamdust_gnoll_shepherd
D:8:      layout_cave_pools, mainiacjoe_overflow_concentric_impassable,
          david_lair_generic, uniq_grum
D:9:      layout_irregular_city, gammafunk_ghost_wrathful_warriors,
          minmay_fire_ice_demons, uniq_erica, uniq_psyche
Temple:   nicolae_temple_bog_church
Lair:1:   wad_woods_minihive, layout_gridlike, lemuel_fruit_fields,
          lemuel_fruit_tree
Lair:2:   layout_regular_city, serial_bayou_shore_b
Lair:3:   layout_chaotic_city, palyth_hydra_swamp_entry,
          spider_nest_entry_funnel_web, gammafunk_ghost_grave, uniq_urug

Skill      XL: |  1  2  3  4  5  6  7  8  9 10 11 |
---------------+----------------------------------+-----
Fighting       | 2 6 5 |  6.9
Transmutations | 3 4 6 8 9 12 11 | 12.0
Unarmed Combat | 4 6 7 9 11 | 11.2
Ice Magic      | 1 2 4 3 6 7 8 |  8.3
Spellcasting   | 5 3 |  5.0
Dodging        | |  2.6

Action                   |  1- 3 |  4- 6 |  7- 9 | 10-12 || total
-------------------------+-------+-------+-------+-------++-------
Melee: Unarmed           |   120 |   142 |   227 |   296 ||   785
       Bite              |     7 |    19 |     1 |       ||    27
       Headbutt          |    11 |    22 |     5 |       ||    38
       Punch             |     1 |     5 |     1 |       ||     7
 Cast: Beastly Appendage |    31 |    33 |     6 |       ||    70
       Wereblood         |     2 |     2 |     7 |    17 ||    28
       Ice Form          |       |     3 |    35 |    41 ||    79
Invok: Curse Item        |       |       |       |     1 ||     1
Evoke: Wand              |       |       |     6 |    13 ||    19
  Use: Scroll            |     2 |     6 |     7 |     3 ||    18
       Potion            |       |     2 |       |     4 ||     6
Armor: Skin              |    17 |    13 |    59 |    83 ||   172
Dodge: Dodged            |   128 |    80 |   102 |   146 ||   456
Block: Other             |       |       |    40 |    84 ||   124
       Reflection        |       |       |     2 |       ||     2

Table legend: (Time is in decaauts)
 A = Elapsed time spent in this place.
 B = Non-inter-level travel time spent in this place.
 C = Inter-level travel time spent in this place.
 D = Time resting spent in this place.
 E = Time spent auto-exploring this place.
 F = Levels seen in this place.
 G = Mean time per level.
                   A        B        C        D        E       F      G
               +--------+--------+--------+--------+--------+-----+--------+
         Total |  19979 |  19139 |    840 |   8967 |   7179 |  13 | 1536.8 |
       Dungeon |  15490 |  14770 |    720 |   7704 |   4757 |   9 | 1721.1 |
        Temple |    153 |    136 |     17 |      0 |    123 |   1 |  153.0 |
          Lair |   4335 |   4233 |    102 |   1262 |   2298 |   3 | 1445.0 |
               +--------+--------+--------+--------+--------+-----+--------+

Top non-repeatable levels by time:
     D:8: 2883 daAuts
     D:7: 2403 daAuts
  Lair:1: 2258 daAuts
     D:1: 2147 daAuts
     D:3: 2031 daAuts
     D:4: 2006 daAuts
     D:5: 1869 daAuts
  Lair:2: 1628 daAuts
     D:6: 1144 daAuts
     D:2: 729 daAuts
  Lair:3: 448 daAuts
     D:9: 274 daAuts
  Temple: 153 daAuts
